 Dungeon Crawl Stone Soup version 0.30-a0-965-g42e074c17a (webtiles) character file.

Game seed: 2701647890602855322

3488 bearlyready the Cleaver (level 9, -7/108 HPs)
             Began as an Armataur Berserker on Mar 31, 2023.
             Was an Elder of Trog.
             Mangled by an orc warlord
             ... wielding a +3 broad axe
              (26 damage)
             ... in a bailey.
             The game lasted 00:13:10 (5652 turns).

bearlyready the Cleaver (Armataur Berserker)        Turns: 5652, Time: 00:13:10

Health: -7/108     AC: 15    Str: 25 (27) XL:     9   Next: 80%
Magic:  9/9        EV: 21    Int:  7 (8)  God:    Trog [****..]
Gold:   538        SH:  0    Dex:  5 (9)  Spells: 8/8 levels left

rFire   . . .      SeeInvis .    k - +0 broad axe
rCold   + . .      Faith    .    (no shield)
rNeg    . . .      Spirit   .    r - +0 chain mail
rPois   .          Reflect  .    F - +1 helmet
rElec   .          Roll     +    s - +0 cloak
rCorr   .                        (no gloves)
Will    .....                    (no barding) Stlth
                                 D - amulet of the acrobat
HPRegen 0.38/turn                d - +4 ring of protection
MPRegen 0.11/turn                q - ring of protection from cold

@: berserking, acrobatic, very quick
A: large, rugged brown scales 3, deformed body, armoured tail, roll, long
tongue, awkward tongue
a: Renounce Religion, Berserk, Trog's Hand, Brothers in Arms


You were in a bailey.
You worshipped Trog.
Trog was greatly pleased with you.
You visited 1 branch of the dungeon, and saw 7 of its levels.
You also visited: Bailey.

You collected 538 gold pieces.

Inventory:

Hand Weapons
 a - a +0 hand axe
 k - a +0 broad axe (weapon)
 v - a +0 war axe
 G - a +3 morningstar
Missiles
 g - 16 poisoned darts (quivered)
 i - 79 stones
 x - a boomerang
 z - 3 javelins
 L - 6 atropa-tipped darts
Armour
 b - a +0 animal skin
 l - a +0 scale mail
 r - a +0 chain mail (worn)
 s - a +0 cloak (worn)
 y - a scarf of invisibility
 F - a +1 helmet (worn)
Jewellery
 d - a +4 ring of protection (left hand)
 q - a ring of protection from cold (right hand)
 D - an amulet of the acrobat (around neck)
 J - a ring of protection from fire
 M - an amulet of faith
Wands
 B - a wand of flame (21)
 E - a wand of mindburst (19)
Scrolls
 c - 3 scrolls of amnesia
 e - 3 scrolls of vulnerability
 f - a scroll of identify
 m - a scroll of blinking
 t - 2 scrolls of enchant armour
 w - a scroll of teleportation
 C - a scroll of magic mapping {unknown}
 H - a scroll of immolation {unknown}
 I - a scroll of torment {unknown}
 K - a scroll of silence {unknown}
 N - a scroll of fear {unknown}
Potions
 h - a potion of curing
 j - 3 potions of lignification
 n - a potion of might
 o - a potion of degeneration
 p - a potion of attraction
 u - 2 potions of cancellation
 A - 3 potions of magic {unknown}


   Skills:
 - Level 2.6 Fighting
 + Level 11.8 Axes
 + Level 2.2 Throwing
 - Level 2.4 Armour
 - Level 1.3 Dodging


You had 8 spell levels left.
You didn't know any spells.
Your spell library was empty.

Dungeon Overview and Level Annotations

Branches:
Dungeon (7/15)             Temple (0/1) D:5          Bailey (1/1)

Altars:
Makhleb
Nemelex Xobeh
Trog
Yredelemnul
The Shining One

Shops:
D:1 [


Innate Abilities, Weirdness & Mutations

You are completely covered in rugged brown scales. (AC +3, +7% HP)
Armour fits poorly on your strangely shaped body.
You have a long armoured tail.
You roll when moving toward enemies. (Rampage)
Your long tongue fully drains potion bottles. (2x potion effects)
Your tongue gives you trouble enunciating. (1.5x scroll delay)


Message History

The orc warlord hits your ogre with a +3 broad axe!!
Your ogre dies!
Your ogre's corpse disappears in a puff of smoke!
You hear a shout!
You closely miss the orc warlord.
The orc warlord is heavily wounded.
The orc warlord roars a battlecry!
You hear a shout!
You completely miss the orc warlord.
The orc warlord is heavily wounded.
You slice the orc warlord!! You tail-slap the orc warlord.
The orc warlord is severely wounded.
The orc warlord hits you with a +3 broad axe.
You barely miss the orc warlord.
The orc warlord is severely wounded.
The orc warlord hits you with a +3 broad axe!
You closely miss the orc warlord.
The orc warlord is severely wounded.
You barely miss the orc warlord. You tail-slap the orc warlord.
The orc warlord is severely wounded.
The orc warlord hits you with a +3 broad axe.
You closely miss the orc warlord.
Your tail-slap misses the orc warlord.
The orc warlord is severely wounded.
An orc warrior comes into view. It is wielding a +0 war axe.
The orc warlord hits you with a +3 broad axe!
You slice the orc warlord!!
The orc warlord is severely wounded.
The orc warlord hits you with a +3 broad axe!
You hit the orc warlord but do no damage.
You tail-slap the orc warlord.
The orc warlord is almost dead.
You closely miss the orc warlord. You tail-slap the orc warlord!
The orc warlord is almost dead.
A gnoll and an orc come into view.
The gnoll is wielding a +2 morningstar of holy wrath.
The gnoll shouts!
The orc shouts!
The orc warrior hits you with a +0 war axe!
* * * LOW HITPOINT WARNING * * *
The orc warlord hits you with a +3 broad axe!!
You die...

# .... ##.........#
# ....##8........!.
# .o.#8.........? #
.'.....⌠....∩ #
#8o......... #
#8g......... ##
###.........# .###
###.###o....##
...###
###.....#@#.###
.....###........o###
).....#...........#
......#))...).....#
⌠...))#.)...⌠.....#
......'.[.)..)....#
......#.....))....#
.....###.........##
...### ###.....###


You could see an orc warlord, an orc warrior (strong), a gnoll and an orc
(strong).

Vanquished Creatures
  Grinder (D:4)
  A wyvern (D:6)
  4 orc warriors (Bailey)
  4 water moccasins
  2 black bears
  2 ice beasts
  An ogre (D:4)
  A centaur (D:7)
  A phantom (D:5)
  2 kobold brigands (D:7)
  A bullfrog (D:7)
  2 scorpions
  2 gnoll sergeants (D:7)
  A jelly (D:6)
  A hound (D:4)
  2 orc priests (D:5)
  A sleepcap (D:4)
  2 gnoll boudas (D:7)
  4 iguanas
  Terence (D:2)
  5 orc wizards (D:5)
  Natasha (thrice) (D:2)
  6 adders
  30 gnolls
  2 river rats (D:5)
  2 shadow imps
  3 white imps
  2 worms
  A dart slug (D:4)
  25 orcs
  11 bats
  6 endoplasms
  4 giant cockroaches
  15 goblins
  13 hobgoblins
  6 jackals (D:1)
  2 quokkas (D:2)
  13 ball pythons
  3 frilled lizards (D:2)
  13 kobolds
  10 rats
211 creatures vanquished.

Vanquished Creatures (collateral kills)
  An orc warrior (D:7)
  An ice beast (D:7)
  An orc priest (D:7)
  An orc wizard (D:7)
  4 orcs
  A kobold (D:7)
9 creatures vanquished.

Vanquished Creatures (others)
  2 bushes (D:4)
  8 plants (D:4)
10 creatures vanquished.

Grand Total: 230 creatures vanquished

Notes
Turn   | Place    | Note
-------+----------+-------------------------------------------
     0 | D:1      | bearlyready the Armataur Berserker began the quest for the
                  | Orb.
     0 | D:1      | Reached XP level 1. HP: 19/19 MP: 1/1
    65 | D:1      | Found Wyech's Antique Armour Boutique.
   241 | D:1      | Reached skill level 3 in Axes
   241 | D:1      | Reached XP level 2. HP: 26/26 MP: 2/2
   714 | D:2      | Reached XP level 3. HP: 25/32 MP: 3/3
   734 | D:2      | Reached ** piety under Trog
   742 | D:2      | Found a basalt altar of Yredelemnul.
   993 | D:2      | Noticed Natasha
   996 | D:2      | Killed Natasha
   997 | D:2      | Reached skill level 4 in Axes
   997 | D:2      | Reached XP level 4. HP: 39/39 MP: 4/4
  1081 | D:2      | Noticed Natasha
  1088 | D:2      | Killed Natasha
  1093 | D:2      | Noticed Natasha
  1105 | D:2      | Killed Natasha
  1221 | D:2      | Noticed Terence
  1245 | D:2      | Killed Terence
  1246 | D:2      | Reached XP level 5. HP: 39/44 MP: 5/5
  1494 | D:3      | Reached skill level 5 in Axes
  2335 | D:4      | Reached XP level 6. HP: 50/53 MP: 6/6
  2362 | D:4      | Reached *** piety under Trog
  2365 | D:4      | Reached skill level 6 in Axes
  2428 | D:4      | Noticed Grinder
  2445 | D:4      | Killed Grinder
  2446 | D:4      | Reached XP level 7. HP: 59/59 MP: 7/7
  2653 | D:4      | Reached skill level 7 in Axes
  2823 | D:4      | Found a sparkling altar of Nemelex Xobeh.
  3253 | D:4      | Found a glowing golden altar of the Shining One.
  3340 | D:5      | Entered Level 5 of the Dungeon
  3365 | D:5      | Reached skill level 8 in Axes
  3459 | D:5      | Reached XP level 8. HP: 66/66 MP: 8/8
  3609 | D:5      | Reached skill level 9 in Axes
  3730 | D:5      | Found a staircase to the Ecumenical Temple.
  3839 | D:5      | Found a bloodstained altar of Trog.
  3839 | D:5      | Found a burning altar of Makhleb.
  4149 | D:5      | Reached **** piety under Trog
  4196 | D:6      | Reached skill level 10 in Axes
  4306 | D:6      | Reached XP level 9. HP: 62/72 MP: 9/9
  4882 | D:7      | Reached skill level 11 in Axes
  5129 | D:7      | Found a flagged portal.
  5162 | Bailey   | Entered a bailey
  5328 | Bailey   | Reached skill level 1 in Throwing
  5329 | Bailey   | Reached ***** piety under Trog
  5608 | Bailey   | Noticed an orc warlord
  5652 | Bailey   | Mangled by an orc warlord

Illustrated notes

Levels and vault maps discovered:
D:1:      sevenhm_arrival_forest_fort_large_1, layout_loops_ring, serial_shops,
          shop
D:2:      layout_rooms, basic_altar, st_stairs_1, minmay_quadrilaterals,
          uniq_natasha, uniq_terence
D:3:      layout_loops_ring
D:4:      layout_loops_ring, nemelex_dance_club_becter,
          nicolae_tso_swordbearing_angel, serial_forest,
          infiniplex_forest_straight_4, infiniplex_forest_clump_double,
          infiniplex_forest_clump_medium, infiniplex_forest_straight_4,
          infiniplex_forest_lined_2, infiniplex_forest_zigzag_1,
          infiniplex_forest_clump_small, minmay_distorted, uniq_grinder
D:5:      layout_basic, nicolae_overflow_two_pavilions, temple_pool_b,
          portal_sewer_entry_e
D:6:      layout_rooms
D:7:      layout_cave_pools, mainiacjoe_overflow_boulevard,
          biasface_ghost_orc_armoury, enter_bailey_2
Bailey:   bailey_axe_minmay_hex_keep, bailey

Skill      XL: |  1  2  3  4  5  6  7  8  9 |
---------------+----------------------------+-----
Axes           | 3 4 5 6 8 10 11 | 11.8
Throwing       | 2 |  2.2
Fighting       | |  2.6
Armour         | |  2.4
Dodging        | |  1.3

Action                     |  1- 3 |  4- 6 |  7- 9 || total
---------------------------+-------+-------+-------++-------
  Melee: Hand axe          |   114 |    90 |       ||   204
         Tailslap          |    11 |    17 |    45 ||    73
         Punch             |     2 |     1 |     4 ||     7
         War axe           |       |    44 |   340 ||   384
         Broad axe         |       |       |    22 ||    22
  Throw: Dart              |       |       |     9 ||     9
 Invoke: Berserk           |     1 |     2 |     5 ||     8
         Brothers in Arms  |       |       |     2 ||     2
    Use: Scroll            |       |       |     7 ||     7
         Potion            |       |       |    10 ||    10
   Stab: Sleeping          |     1 |       |       ||     1
 Armour: Animal skin       |    65 |    21 |       ||    86
         Chain mail        |       |    35 |   200 ||   235
         Skin              |       |       |   158 ||   158
  Dodge: Dodged            |    83 |    41 |   112 ||   236

Table legend: (Time is in decaauts)
 A = Elapsed time spent in this place.
 B = Non-inter-level travel time spent in this place.
 C = Inter-level travel time spent in this place.
 D = Time resting spent in this place.
 E = Time spent auto-exploring this place.
 F = Levels seen in this place.
 G = Mean time per level.
                   A        B        C        D        E       F      G
               +--------+--------+--------+--------+--------+-----+--------+
         Total |   5727 |   5608 |    119 |     52 |   4255 |   8 |  715.9 |
       Dungeon |   5240 |   5121 |    119 |     39 |   3980 |   7 |  748.6 |
        Bailey |    487 |    487 |      0 |     13 |    275 |   1 |  487.0 |
               +--------+--------+--------+--------+--------+-----+--------+

Top non-repeatable levels by time:
     D:4: 1103 daAuts
     D:5: 857 daAuts
     D:2: 804 daAuts
     D:3: 796 daAuts
     D:1: 709 daAuts
     D:6: 637 daAuts
  Bailey: 487 daAuts
     D:7: 333 daAuts
